 Dungeon Crawl Stone Soup version 0.30-a0-723-gc1506a1cf0 (webtiles) character file.

Game seed: 7623699568126810944

47 jimonade the Sneak (level 3, -5/18 HPs)
             Began as a Vine Stalker Brigand on Jan 29, 2023.
             Slain by a gnoll
             ... wielding a +0 spear
              (9 damage)
             ... on level 3 of the Dungeon.
             The game lasted 00:02:35 (1502 turns).

jimonade the Sneak (Vine Stalker Brigand)           Turns: 1502, Time: 00:02:35

Health: -5/18      AC:  4    Str: 13    XL:     3   Next: 70%
Magic:  0/4        EV: 11    Int: 11    God:
Gold:   100        SH:  0    Dex: 17    Spells: 2/2 levels left

rFire   . . .      SeeInvis .    a - +2 dagger
rCold   . . .      Faith    .    (no shield)
rNeg    . . .      Spirit   +    g - +0 robe
rPois   .          Reflect  .    m - +0 helmet
rElec   .          Harm     .    c - +0 cloak
rCorr   .          Rampage  .    (no gloves)
Will    .....                    (no boots)
Stlth   +++                      (no amulet)
HPRegen 0.23/turn                (no ring)
MPRegen 0.09/turn                (no ring)

@: no status effects
A: fangs 2, magic shield, antimagic bite, no potion heal 2
a: no special abilities


You were on level 3 of the Dungeon.
You visited 1 branch of the dungeon, and saw 3 of its levels.

You collected 100 gold pieces.

Inventory:

Hand Weapons
 a - a +2 dagger (weapon)
 b - a +2 dagger of holy wrath
Missiles
 d - 8 poisoned darts (quivered)
 e - 3 curare-tipped darts
Armour
 c - a +0 cloak (worn)
 g - a +0 robe (worn)
 m - a +0 helmet (worn)
Scrolls
 h - 2 scrolls of immolation {unknown}
 i - 5 scrolls of identify {unknown}
 j - 2 scrolls of fear {unknown}
 l - a scroll of amnesia {unknown}
 o - a scroll of torment {unknown}
 p - a scroll of blinking {unknown}
 r - a scroll of enchant armour {unknown}
 s - a scroll of brand weapon {unknown}
 t - a scroll of acquirement {unknown}
Potions
 f - 2 potions of flight {unknown}
 k - 2 potions of resistance {unknown}
 n - 2 potions of curing {unknown}
 q - a potion of ambrosia {unknown}
 u - a potion of invisibility {unknown}
 v - a potion of attraction {unknown}
 w - a potion of haste {unknown}


   Skills:
 - Level 1.7 Fighting
 * Level 3.6 Short Blades
 - Level 1.7 Throwing
 - Level 0.7 Dodging
 - Level 4.8 Stealth


You had 2 spell levels left.
You didn't know any spells.
Your spell library contained the following spells:

 Spells                   Type           Power      Damage    Failure   Level
 Frozen Ramparts          Ice            0%         1d1       71%         3
 Ice Form                 Ice/Tmut       0%         N/A       98%         4
 Summon Ice Beast         Ice/Summ       0%         N/A       98%         4


Dungeon Overview and Level Annotations

Branches:
Dungeon (3/15)

Altars:

Shops:
D:1 (   D:3 :


Innate Abilities, Weirdness & Mutations

You have extremely sharp teeth.
When hurt, damage is shared between your health and your magic reserves.
Your bite disrupts and absorbs the magic of your enemies.
Potions cannot restore your health.


Message History

Found a leather armour.
There is an entrance to Yfrin's Vocational Training here.
You can access your shopping list by pressing '$'.
There is an entrance to Yfrin's Vocational Training here.
You can access your shopping list by pressing '$'.
w - a bubbling puce potion A gnoll is nearby!
You hit the gnoll.
The gnoll is moderately wounded.
The gnoll misses you.
The gnoll shouts!
You hit the gnoll but do no damage. Your bite misses the gnoll.
The gnoll is moderately wounded.
The gnoll closely misses you.
You hit the gnoll. You bite the gnoll, but do no damage.
The gnoll is heavily wounded.
The gnoll misses you.
You barely miss the gnoll. You bite the gnoll, but do no damage.
The gnoll is heavily wounded.
The gnoll attacks as you move away! The gnoll barely misses you.
The gnoll completely misses you. The gnoll attacks as you move away!
The gnoll hits you with a +0 whip.
You closely miss the gnoll.
The gnoll is heavily wounded.
You barely miss the gnoll. Your bite misses the gnoll.
The gnoll is heavily wounded.
The gnoll hits you with a +0 whip.
You hit the gnoll.
The gnoll is heavily wounded.
The gnoll hits you with a +0 whip. The gnoll barely misses you.
Throw: 9 darts (poison)
Press: ? - help, Q - select action, (/) - cycle Shift-Dir - straight line, f - gnoll
Aim: a gnoll, wielding a +0 whip (heavily wounded, 63% to hit)
You throw a poisoned dart.
The poisoned dart barely misses the gnoll.
The gnoll hits you with a +0 whip!
* * * LOW HITPOINT WARNING * * *
The gnoll hits you from afar with a +0 spear!
Ouch! That really hurt!
You die...

..#.... .####.!... .. ....g.
.###...#.#..########
...#.#.#.##.....@g.# .#...
.....#$#..########g##....#
...###....#######........#
...#...........g........[#
.....####..####.#........##.
###### #.g..#g......###....
#.##...⌠...⌠........
#..###...∩..........
##.....⌠...⌠........


You could see 2 gnolls.

Vanquished Creatures
  A dart slug (D:1)
  9 endoplasms
  2 giant cockroaches
  5 goblins
  2 hobgoblins
  A jackal (D:1)
  3 kobolds
  2 quokkas
  5 ball pythons
  4 bats
  4 frilled lizards
  3 rats
41 creatures vanquished.

Notes
Turn   | Place    | Note
-------+----------+-------------------------------------------
     0 | D:1      | jimonade the Vine Stalker Brigand began the quest for the
                  | Orb.
     0 | D:1      | Reached XP level 1. HP: 11/11 MP: 2/2
    79 | D:1      | Found a faded altar of an unknown god.
   115 | D:1      | Found Loxa's Weapon Shop.
   253 | D:1      | Reached XP level 2. HP: 15/15 MP: 3/3
   544 | D:1      | Reached XP level 3. HP: 18/18 MP: 4/4
  1318 | D:2      | You fall into a shaft and drop 1 floor!
  1449 | D:3      | Found Yfrin's Vocational Training.
  1502 | D:3      | Slain by a gnoll

Illustrated notes

Levels and vault maps discovered:
D:1:      dpeg_arrival_oval, layout_basic, serial_shops,
          nicolae_shop_bloodbath_and_beyond,
          shapermc_ecumenical_altar_starsandcircs, minmay_split_cup_small
D:2:      layout_basic
D:3:      layout_rooms, nicolae_shop_vocational, uniq_terence

Skill      XL: |  1  2 |
---------------+-------+-----
Short Blades   | 2 3 |  3.6
Fighting       | |  1.7
Throwing       | |  1.7
Dodging        | |  0.7
Stealth        | |  4.8

Action                     || total
---------------------------++-------
  Melee: Dagger            ||    80
         Bite              ||    10
  Throw: Dart              ||     1
   Stab: Sleeping          ||    16
 Armour: Robe              ||    15
  Dodge: Dodged            ||    44

Table legend: (Time is in decaauts)
 A = Elapsed time spent in this place.
 B = Non-inter-level travel time spent in this place.
 C = Inter-level travel time spent in this place.
 D = Time resting spent in this place.
 E = Time spent auto-exploring this place.
 F = Levels seen in this place.
 G = Mean time per level.
                   A        B        C        D        E       F      G
               +--------+--------+--------+--------+--------+-----+--------+
         Total |   1489 |   1465 |     24 |      0 |   1085 |   3 |  496.3 |
       Dungeon |   1489 |   1465 |     24 |      0 |   1085 |   3 |  496.3 |
               +--------+--------+--------+--------+--------+-----+--------+

Top non-repeatable levels by time:
     D:1: 830 daAuts
     D:2: 478 daAuts
     D:3: 181 daAuts
